 Dungeon Crawl Stone Soup version 0.29.1-2-gbd0b4ee654 (webtiles) character file.

Game seed: 10048875476090248596

459 WanderingOwl the Cudgeller (level 6, 0/48 HPs)
             Began as a Demonspawn Abyssal Knight on Nov 5, 2022.
             Was a Priest of Lugonu.
             Slain by a gnoll
             ... wielding a +0 whip
             ... led by a gnoll bouda
              (3 damage)
             ... on level 5 of the Dungeon.
             The game lasted 00:16:11 (4423 turns).

WanderingOwl the Cudgeller (DsAK)                   Turns: 4423, Time: 00:16:11

Health: 0/48       AC: 15    Str: 15    XL:     6   Next: 78%
Magic:  7/7        EV:  5    Int: 12    God:    Lugonu [***...]
Gold:   221        SH:  0    Dex: 13    Spells: 5/5 levels left

rFire   . . .      SeeInvis .   a - +1 mace
rCold   . . .      Faith    .   (no shield)
rNeg    + . .      Spirit   .   i - +0 plate armour
rPois   .          Reflect  .   (no helmet)
rElec   .          Harm     .   (no cloak)
rCorr   .          Rampage  .   c - +0 pair of gloves
Will    .....                   (no boots)
Stlth   ..........              (no amulet)
HPRegen 0.16/turn               s - ring of positive energy
MPRegen 0.20/turn               (no ring)

@: no status effects
A: yellow scales 2, foul stench 1, magic regeneration
a: Renounce Religion, Depart the Abyss, Bend Space, Banish


You were on level 5 of the Dungeon.
You worshipped Lugonu.
Lugonu was most pleased with you.
You visited 1 branch of the dungeon, and saw 5 of its levels.
You visited the Abyss 1 time.

You collected 221 gold pieces.

Inventory:

Hand Weapons
 a - a +1 mace (weapon)
Armour
 b - a +0 leather armour
 c - a +0 pair of gloves (worn)
 e - a +0 scale mail
 i - a +0 plate armour (worn)
Magical Staves
 f - a staff of poison
Jewellery
 s - a ring of positive energy (left hand)
Scrolls
 d - a scroll of acquirement {unknown}
 g - a scroll of magic mapping {unknown}
 h - 3 scrolls of vulnerability {unknown}
 j - 3 scrolls of blinking {unknown}
 m - a scroll of poison {unknown}
 o - 2 scrolls of identify {unknown}
 p - a scroll of summoning {unknown}
 q - a scroll of teleportation
 r - a scroll of enchant weapon {unknown}
Potions
 k - a potion of degeneration {unknown}
 l - a potion of invisibility {unknown}
 n - 2 potions of might {unknown}
 t - 2 potions of flight {unknown}
 u - a potion of attraction {unknown}
 v - a potion of heal wounds {unknown}
 w - a potion of brilliance {unknown}


   Skills:
 + Level 4.0 Fighting
 + Level 4.6 Maces & Flails
 + Level 3.5 Armour
 + Level 2.1 Dodging
 - Level 1.2 Stealth
 + Level 2.4 Invocations


You had 5 spell levels left.
You didn't know any spells.
Your spell library contained the following spells:

 Spells                   Type           Power      Damage    Failure   Level
 Frozen Ramparts          Ice            0%         1d1       100%        3
 Ice Form                 Ice/Tmut       0%         N/A       100%        4
 Summon Ice Beast         Ice/Summ       0%         N/A       100%        4


Dungeon Overview and Level Annotations

Branches:
Dungeon (5/15)
 Temple: D:4-7

Altars:
Nemelex Xobeh
Sif Muna
Yredelemnul

Annotations:
D:2 Natasha
D:4 Sigmund


Innate Abilities, Weirdness & Mutations

You are mostly covered in yellow scales. (AC +3)
You may rarely emit foul miasma when damaged in melee.
You regenerate magic rapidly.


Message History

You hit the scorpion.
The scorpion is moderately wounded.
* * * LOW HITPOINT WARNING * * *
You feel very sick. The gnoll hits you but does no damage.
The scorpion barely misses you. The gnoll hits you but does no damage.
The scorpion stings you but does no damage.
You hit the scorpion.
The scorpion is severely wounded.
You feel sick.
The scorpion stings you but does no damage.
The gnoll hits you but does no damage.
You hit the scorpion but do no damage.
The scorpion is severely wounded.
You feel sick.
The scorpion stings you but does no damage.
The gnoll hits you but does no damage.
You sock the scorpion!
You kill the scorpion!
Lugonu accepts your kill.
You feel sick. The gnoll hits you but does no damage.
Your Fighting skill increases to level 4!
Press: ? - help, Shift-Dir - straight line, f - gnoll
Aim: a gnoll, wielding a +0 whip (chance to affect: 86%)
You fail to use your ability.
You feel sick.
The gnoll hits you but does no damage. x2
Press: ? - help, Shift-Dir - straight line, f/p - gnoll
Aim: a gnoll, wielding a +0 whip (chance to affect: 86%)
You fail to use your ability.
You feel sick. The gnoll closely misses you.
The gnoll hits you but does no damage.
Press: ? - help, Shift-Dir - straight line, f/p - gnoll
Aim: a gnoll, wielding a +0 whip (chance to affect: 86%)
You fail to use your ability.
You feel sick.
You are no longer poisoned.
The gnoll is no longer moving quickly.
The gnoll hits you but does no damage. x2
You hit the gnoll. Your punch misses the gnoll.
The gnoll is lightly wounded.
The gnoll is no longer moving quickly.
The gnoll hits you but does no damage. The gnoll hits you with a +0 whip.
You die...

.# .# .#### ### .##..
..# .##.######.#
.##.#......#
.##.#.###..# #######
.##.#.#<...#######.....#
................@gg....+
###.#####..#######g....#
#... #.......##.....#
##### #...###.##....(#
#..... #.....#
#####..........+
.#+##.....# . ...#####
.....


You could see 3 gnolls.

Vanquished Creatures
  Blork the orc (D:5)
  2 scorpions (D:5)
  A hound (D:4)
  A jelly (D:3)
  A gnoll bouda (D:5)
  An iguana (D:5)
  A gnoll (D:5)
  5 adders
  An adder zombie (D:3)
  2 worms (D:3)
  6 dart slugs
  2 orcs (D:5)
  9 bats
  9 endoplasms
  4 giant cockroaches
  5 goblins
  4 hobgoblins
  9 jackals
  2 quokkas (D:2)
  7 ball pythons
  A ball python zombie (D:3)
  5 frilled lizards
  A giant cockroach zombie (D:3)
  5 kobolds
  4 rats
89 creatures vanquished.

Vanquished Creatures (others)
  7 fungi (D:3)
7 creatures vanquished.

Grand Total: 96 creatures vanquished

Notes
Turn   | Place    | Note
-------+----------+-------------------------------------------
     0 | Abyss:1  | WanderingOwl the Demonspawn Abyssal Knight began the quest
                  | for the Orb.
     0 | Abyss:1  | Reached XP level 1. HP: 18/18 MP: 2/2
    47 | Abyss:1  | Noticed an ancient zyme
    94 | Abyss:2  | Noticed a worldbinder
   115 | Abyss:2  | Noticed a small abomination
   123 | Abyss:2  | Noticed a small abomination
   126 | D:1      | Escaped the Abyss
   158 | D:1      | Reached skill level 1 in Dodging
   415 | D:1      | Reached skill level 1 in Stealth
   423 | D:1      | Gained mutation: You are partially covered in yellow
                  | scales. (AC +2) [demonic ancestry]
   423 | D:1      | Reached XP level 2. HP: 12/24 MP: 3/3
  1038 | D:1      | Gained mutation: You are mostly covered in yellow scales.
                  | (AC +3) [demonic ancestry]
  1038 | D:1      | Reached XP level 3. HP: 25/29 MP: 4/4
  1495 | D:1      | Found a faded altar of an unknown god.
  1708 | D:2      | Noticed Natasha
  1987 | D:2      | Found a shimmering blue altar of Sif Muna.
  2011 | D:2      | Gained mutation: You may rarely emit foul miasma when
                  | damaged in melee. [demonic ancestry]
  2011 | D:2      | Reached XP level 4. HP: 26/35 MP: 5/5
  2500 | D:3      | Reached *** piety under Lugonu
  2550 | D:3      | Found a basalt altar of Yredelemnul.
  2834 | D:3      | Found a sparkling altar of Nemelex Xobeh.
  3066 | D:3      | Reached XP level 5. HP: 41/41 MP: 6/6
  3752 | D:4      | Noticed Sigmund
  3769 | D:5      | Entered Level 5 of the Dungeon
  3781 | D:5      | Noticed Blork the orc
  3815 | D:5      | Killed Blork the orc
  3816 | D:5      | Gained mutation: You regenerate magic rapidly. [demonic
                  | ancestry]
  3816 | D:5      | Reached XP level 6. HP: 39/48 MP: 7/7
  4423 | D:5      | Slain by a gnoll

Illustrated notes

Levels and vault maps discovered:
D:1:      dpeg_arrival_tiny_b, layout_loops_cross,
          shapermc_ecumenical_altar_mp_vishouse
D:2:      layout_basic, basic_altar, uniq_natasha
D:3:      layout_basic, mainiacjoe_overflow_cross_hatched,
          nicolae_yredelemnul_corpse_copse, minmay_misc_feat_columns
D:4:      layout_gridville, hangedman_ru_absence,
          minmay_temple_entry_antechambers, st_stairs_1, uniq_edmund,
          uniq_sigmund
D:5:      layout_basic, mainiacjoe_overflow_six_doors_small, uniq_grinder,
          uniq_blork_the_orc

Skill      XL: |  1  2  3  4  5  6 |
---------------+-------------------+-----
Dodging        | 1 2 |  2.1
Stealth        | 1 |  1.2
Maces & Flails | 2 3 4 |  4.6
Armour         | 2 3 |  3.5
Fighting       | 4 |  4.0
Invocations    | |  2.4

Action                   |  1- 3 |  4- 6 || total
-------------------------+-------+-------++-------
Melee: Mace              |   192 |   148 ||   340
       Punch             |     2 |     2 ||     4
       Unarmed           |       |     1 ||     1
Invok: Depart the Abyss  |     1 |       ||     1
  Use: Potion            |     1 |     1 ||     2
       Scroll            |     1 |       ||     1
Armor: Leather armour    |    50 |       ||    50
       Plate armour      |   154 |   149 ||   303
       Scale mail        |     5 |       ||     5
       Skin              |       |     4 ||     4
Dodge: Dodged            |    80 |    44 ||   124
